IL
OKLAHOMA CITY DODGERS @ LEHIGH VALLEY IRONPIGS
05/25/2048
 
TOP OF THE 1ST
Oklahoma City Dodgers batting - Pitching for Lehigh Valley IronPigs : RHP Victor Hurtado
Pitching: RHP Victor Hurtado
Batting: RHB Theo Schepers 0-0: Called Strike
0-1: Ball
1-1: Bunt for hit to 23 - play at first, batter OUT! 3-4
Batting: RHB Jeremy Giesler 0-0: Ball
1-0: Foul Ball, location: 2F
1-1: Foul Ball, location: 2F
1-2: Ball
2-2: Ground out U3 (Groundball, 3S, EV 87.5 MPH)
Batting: LHB Jose Robles 0-0: Swinging Strike
0-1: Ball
1-1: SOLO HOME RUN (Flyball, 7LD, EV 100.0 MPH), Distance : 358 ft
Batting: LHB Steve Pond 0-0: Ground out 4-3 (Groundball, 4, EV 103.8 MPH)
Top of the 1st over - 1 run, 1 hit, 0 errors, 0 left on base; Oklahoma City 1 - Lehigh Valley 0
BOTTOM OF THE 1ST
Lehigh Valley IronPigs batting - Pitching for Oklahoma City Dodgers : RHP Mike Zimmerly
Pitching: RHP Mike Zimmerly
Batting: LHB Theodore Conboy 0-0: Ball
1-0: Ball
2-0: Ball
3-0: Called Strike
3-1: Called Strike
3-2: SINGLE (Groundball, 34S, EV 90.0 MPH) (infield hit)
Batting: RHB Alberto Ramirez 0-0: Called Strike
Theodore Conboy steals 2nd base
0-1: Fly out, F7 (Flyball, 7LM, EV 94.4 MPH)
Batting: LHB Josh George 0-0: Ball
1-0: Ball
Wild Pitch!
Theodore Conboy to third
2-0: Ball
3-0: Base on Balls
Batting: RHB Victor Arroyo 0-0: Fielders Choice at 2nd, 4-6 (Groundball, 34, EV 108.1 MPH)
Theodore Conboy scores
Batting: RHB Mark Schultz 0-0: Fly out, F8 (Flyball, 8LXD, EV 104.4 MPH)
Bottom of the 1st over - 1 run, 1 hit, 0 errors, 1 left on base; Oklahoma City 1 - Lehigh Valley 1
TOP OF THE 2ND
Oklahoma City Dodgers batting - Pitching for Lehigh Valley IronPigs : RHP Victor Hurtado
Batting: LHB Chris Fandino 0-0: Ground out U3 (Groundball, 34S, EV 88.1 MPH)
Batting: RHB T.J. Jordan 0-0: SINGLE (Line Drive, 8RS, EV 105.6 MPH)
Batting: LHB Chris Raymond 0-0: Swinging Strike
0-1: Swinging Strike
0-2: Ball
1-2: Ball
2-2: Ball
3-2: Strikes out swinging
Batting: LHB Darrell Ortega 0-0: Foul Ball, location: 2F
0-1: Swinging Strike
0-2: Strikes out swinging
Top of the 2nd over - 0 runs, 1 hit, 0 errors, 1 left on base; Oklahoma City 1 - Lehigh Valley 1
BOTTOM OF THE 2ND
Lehigh Valley IronPigs batting - Pitching for Oklahoma City Dodgers : RHP Mike Zimmerly
Batting: SHB Marco de Leon 0-0: Ball
1-0: Called Strike
1-1: Ball
2-1: Foul Ball, location: 2F
2-2: Ground out 4-3 (Groundball, 4, EV 82.5 MPH)
Batting: SHB Benjamin Brown 0-0: Ball
1-0: Ball
2-0: Ball
3-0: Foul Ball, location: 2F
3-1: Called Strike
3-2: Base on Balls
Batting: RHB Kyle Reilly 0-0: Ball
1-0: Ball
2-0: Called Strike
Benjamin Brown steals 2nd base
2-1: Swinging Strike
2-2: Ball
3-2: Base on Balls
Batting: RHB Moritake Fukumoto 0-0: Ball
1-0: Ball
2-0: Fly out, F8 (Flyball, 8LM, EV 90.0 MPH)
Batting: LHB Theodore Conboy 0-0: Ball
1-0: Foul Ball, location: 2F
1-1: Called Strike
1-2: Strikes out swinging
Bottom of the 2nd over - 0 runs, 0 hits, 0 errors, 2 left on base; Oklahoma City 1 - Lehigh Valley 1
TOP OF THE 3RD
Oklahoma City Dodgers batting - Pitching for Lehigh Valley IronPigs : RHP Victor Hurtado
Batting: RHB Carlos Talavera 0-0: Called Strike
0-1: Ball
1-1: Swinging Strike
1-2: Strikes out swinging
Batting: RHB Theo Schepers 0-0: Called Strike
0-1: Ball
1-1: Called Strike
1-2: Foul Ball, location: 2F
1-2: Ball
2-2: Strikes out looking
Batting: RHB Jeremy Giesler 0-0: Called Strike
0-1: Ball
1-1: Ball
2-1: Ball
3-1: Foul Ball, location: 2F
3-2: SOLO HOME RUN (Flyball, 7LD, EV 91.9 MPH), Distance : 353 ft
Batting: LHB Jose Robles 0-0: Swinging Strike
0-1: Swinging Strike
0-2: Foul Ball, location: 2F
0-2: Strikes out swinging
Top of the 3rd over - 1 run, 1 hit, 0 errors, 0 left on base; Oklahoma City 2 - Lehigh Valley 1
BOTTOM OF THE 3RD
Lehigh Valley IronPigs batting - Pitching for Oklahoma City Dodgers : RHP Mike Zimmerly
Batting: RHB Alberto Ramirez 0-0: Ball
1-0: Called Strike
1-1: SINGLE (Groundball, 25, EV 73.8 MPH) (infield hit)
Batting: LHB Josh George 0-0: Ball
Alberto Ramirez is caught stealing 2nd base 2-6
1-0: Foul Ball, location: 2F
1-1: Ball
2-1: SINGLE (Groundball, 34D, EV 105.0 MPH)
Batting: RHB Victor Arroyo 0-0: Ball
1-0: Ball
2-0: Ball
3-0: Base on Balls
Josh George to second
Batting: RHB Mark Schultz 0-0: Called Strike
0-1: Ball
1-1: Foul Ball, location: 2F
1-2: Ball
2-2: Ball
3-2: Fly out, F9 (Flyball, 89M, EV 81.9 MPH)
Batting: SHB Marco de Leon 0-0: SINGLE (Groundball, 4MD, EV 108.1 MPH)
Josh George to third
Victor Arroyo to second
Runner from 3rd tries for Home, SAFE, throw by CF to home
Batting: SHB Benjamin Brown 0-0: Called Strike
0-1: Called Strike
0-2: Foul Ball, location: 2F
0-2: Strikes out swinging
Bottom of the 3rd over - 1 run, 3 hits, 0 errors, 2 left on base; Oklahoma City 2 - Lehigh Valley 2
TOP OF THE 4TH
Oklahoma City Dodgers batting - Pitching for Lehigh Valley IronPigs : RHP Victor Hurtado
Batting: LHB Steve Pond 0-0: Ball
1-0: Fly out, F9 (Flyball, 9, EV 95.6 MPH)
Batting: LHB Chris Fandino 0-0: Ball
1-0: Swinging Strike
1-1: Called Strike
1-2: Ball
2-2: Ball
3-2: Foul Ball, location: 2F
3-2: Strikes out looking
Batting: RHB T.J. Jordan 0-0: Ball
1-0: Fly out, F9 (Flyball, 9, EV 96.2 MPH)
Top of the 4th over - 0 runs, 0 hits, 0 errors, 0 left on base; Oklahoma City 2 - Lehigh Valley 2
BOTTOM OF THE 4TH
Lehigh Valley IronPigs batting - Pitching for Oklahoma City Dodgers : RHP Mike Zimmerly
Batting: RHB Kyle Reilly 0-0: Called Strike
0-1: Ball
1-1: Foul Ball, location: 2F
1-2: SINGLE (Groundball, 5D, EV 103.1 MPH)
Batting: RHB Moritake Fukumoto 0-0: Called Strike
0-1: Swinging Strike
0-2: Strikes out swinging
Batting: LHB Theodore Conboy 0-0: Ball
1-0: Ball
2-0: Called Strike
Pickoff Throw to First - Error! E1
Kyle Reilly to second
2-1: Ball
3-1: DOUBLE (Line Drive, 9LS, EV 96.9 MPH)
Kyle Reilly scores
Batting: RHB Alberto Ramirez 0-0: Called Strike
Theodore Conboy steals 3rd base
0-1: Ball
1-1: Ground out 5-3 (Groundball, 56, EV 102.5 MPH)
Theodore Conboy scores
Batting: LHB Josh George 0-0: Ball
1-0: SINGLE (Line Drive, 9LM, EV 98.8 MPH)
Batting: RHB Victor Arroyo 0-0: Foul Ball, location: 2F
0-1: Ball
1-1: Ball
2-1: Called Strike
2-2: Ball
3-2: Base on Balls
Josh George to second
Batting: RHB Mark Schultz 0-0: Foul Ball, location: 2F
0-1: Swinging Strike
0-2: Foul Ball, location: 2F
0-2: Ball
1-2: Ground out 2-3 (Groundball, 15S, EV 67.5 MPH)
Bottom of the 4th over - 2 runs, 3 hits, 1 error, 2 left on base; Oklahoma City 2 - Lehigh Valley 4
TOP OF THE 5TH
Oklahoma City Dodgers batting - Pitching for Lehigh Valley IronPigs : RHP Victor Hurtado
Batting: LHB Chris Raymond 0-0: Ground out 4-3 (Groundball, 4, EV 82.5 MPH)
Batting: LHB Darrell Ortega 0-0: SINGLE (Flyball, 7S, EV 91.9 MPH)
Batting: RHB Carlos Talavera 0-0: Ball
1-0: Called Strike
1-1: Ball
2-1: Fielders Choice at 2nd, 4-6 (Groundball, 4, EV 81.2 MPH)
Batting: RHB Theo Schepers 0-0: Ball
1-0: Swinging Strike
1-1: DOUBLE (Groundball, 5L, EV 104.4 MPH)
Carlos Talavera to third
Runner from 3rd tries for Home, SAFE, no throw by LF
Batting: RHB Jeremy Giesler 0-0: Ball
1-0: Fly out, F9 (Line Drive, 9, EV 88.1 MPH)
Top of the 5th over - 1 run, 2 hits, 0 errors, 1 left on base; Oklahoma City 3 - Lehigh Valley 4
BOTTOM OF THE 5TH
Lehigh Valley IronPigs batting - Pitching for Oklahoma City Dodgers : RHP Mike Zimmerly
Batting: SHB Marco de Leon 0-0: Ball
1-0: Ball
2-0: Ball
3-0: Called Strike
3-1: Base on Balls
Batting: SHB Benjamin Brown 0-0: Called Strike
0-1: Foul Ball, location: 2F
0-2: Ball
1-2: SINGLE (Line Drive, 4D, EV 96.2 MPH)
Marco de Leon to second
Runner from 2nd tries for 3rd, OUT! 8-5
Pitching: RHP Arturo Naranjo
Batting: RHB Kyle Reilly 0-0: Ball
1-0: Foul Ball, location: 2F
1-1: Grounds into double play, 4-6-3 (Groundball, 4, EV 92.5 MPH)
Bottom of the 5th over - 0 runs, 1 hit, 0 errors, 0 left on base; Oklahoma City 3 - Lehigh Valley 4
TOP OF THE 6TH
Oklahoma City Dodgers batting - Pitching for Lehigh Valley IronPigs : RHP Victor Hurtado
Batting: LHB Jose Robles 0-0: Ball
1-0: Ball
2-0: Foul Ball, location: 2F
2-1: Called Strike
2-2: DOUBLE (Flyball, 8RXD, EV 110.0 MPH)
Batting: LHB Steve Pond 0-0: Called Strike
0-1: SINGLE (Groundball, 6M, EV 100.6 MPH) (infield hit)
Jose Robles to third
Batting: LHB Chris Fandino 0-0: Foul Ball, location: 2F
0-1: Ground out 4-3 (Groundball, 34, EV 100.0 MPH)
Jose Robles scores
Steve Pond to second
Batting: RHB T.J. Jordan 0-0: Called Strike
0-1: Foul Ball, location: 2F
0-2: Ball
1-2: Ball
2-2: Ball
3-2: Foul Ball, location: 2F
3-2: Foul Ball, location: 2F
3-2: Fly out, F1 (Line Drive, P, EV 68.8 MPH)
Batting: LHB Chris Raymond 0-0: Foul Ball, location: 2F
0-1: Called Strike
0-2: Strikes out swinging
Top of the 6th over - 1 run, 2 hits, 0 errors, 1 left on base; Oklahoma City 4 - Lehigh Valley 4
BOTTOM OF THE 6TH
Lehigh Valley IronPigs batting - Pitching for Oklahoma City Dodgers : RHP Arturo Naranjo
Batting: RHB Moritake Fukumoto 0-0: Foul Ball, location: 2F
0-1: Swinging Strike
0-2: Foul Ball, location: 2F
0-2: Strikes out swinging
Batting: LHB Theodore Conboy 0-0: Ball
1-0: Ball
2-0: Called Strike
2-1: Ground out 4-3 (Groundball, 4, EV 100.0 MPH)
Batting: RHB Alberto Ramirez 0-0: Called Strike
0-1: Ball
1-1: Fly out, F8 (Flyball, 8RD, EV 91.2 MPH)
Bottom of the 6th over - 0 runs, 0 hits, 0 errors, 0 left on base; Oklahoma City 4 - Lehigh Valley 4
TOP OF THE 7TH
Oklahoma City Dodgers batting - Pitching for Lehigh Valley IronPigs : RHP Victor Hurtado
Batting: LHB Darrell Ortega 0-0: Called Strike
0-1: Swinging Strike
0-2: Foul Ball, location: 2F
0-2: Foul Ball, location: 2F
0-2: Foul Ball, location: 2F
0-2: Foul Ball, location: 2F
0-2: Fly out, F7 (Line Drive, 7S, EV 91.9 MPH)
Batting: RHB Carlos Talavera 0-0: Ball
1-0: Ball
2-0: Hit by Pitch
Pitching: RHP Alex Florez
Batting: RHB Theo Schepers 0-0: Ball
1-0: Called Strike
1-1: SINGLE (Line Drive, 4MD, EV 100.6 MPH)
Carlos Talavera to second
Batting: RHB Jeremy Giesler 0-0: Called Strike
0-1: Ball
1-1: Foul Ball, location: 2F
1-2: Ball
2-2: Ball
3-2: Ground out 5-3 (Groundball, P, EV 90.0 MPH)
Carlos Talavera to third
Theo Schepers to second
Batting: LHB Jose Robles 0-0: Called Strike
0-1: Ball
Wild Pitch!
Carlos Talavera scores
Theo Schepers to third
1-1: Ball
2-1: Ground out 4-3 (Groundball, 4, EV 91.2 MPH)
Top of the 7th over - 1 run, 1 hit, 0 errors, 1 left on base; Oklahoma City 5 - Lehigh Valley 4
BOTTOM OF THE 7TH
Lehigh Valley IronPigs batting - Pitching for Oklahoma City Dodgers : RHP Arturo Naranjo
Batting: LHB Josh George 0-0: Called Strike
0-1: Called Strike
0-2: Ball
1-2: Strikes out swinging
Batting: RHB Victor Arroyo 0-0: Ball
1-0: Ground out 6-3 (Groundball, 6, EV 101.9 MPH)
Batting: RHB Mark Schultz 0-0: Ball
1-0: Ball
2-0: Called Strike
2-1: Ball
3-1: Fly out, F4 (Popup, 34, EV 58.8 MPH)
Bottom of the 7th over - 0 runs, 0 hits, 0 errors, 0 left on base; Oklahoma City 5 - Lehigh Valley 4
TOP OF THE 8TH
Oklahoma City Dodgers batting - Pitching for Lehigh Valley IronPigs : RHP Alex Florez
Batting: LHB Steve Pond 0-0: Foul Ball, location: 2F
0-1: Ball
1-1: Called Strike
1-2: Fly out, F7 (Flyball, 78D, EV 107.5 MPH)
Batting: LHB Chris Fandino 0-0: Foul Ball, location: 2F
0-1: Foul Ball, location: 2F
0-2: Ball
1-2: Foul Ball, location: 2F
1-2: Ball
2-2: Strikes out swinging
Batting: RHB T.J. Jordan 0-0: Called Strike
0-1: Called Strike
0-2: Foul Ball, location: 2F
0-2: Strikes out swinging
Top of the 8th over - 0 runs, 0 hits, 0 errors, 0 left on base; Oklahoma City 5 - Lehigh Valley 4
BOTTOM OF THE 8TH
Lehigh Valley IronPigs batting - Pitching for Oklahoma City Dodgers : RHP Arturo Naranjo
Now at 1B: Robin More
Now in LF: Darrell Ortega
Now in RF: Wing-kit Bu
Batting: SHB Marco de Leon 0-0: Ground out 4-3 (Groundball, 34, EV 103.8 MPH)
Batting: SHB Benjamin Brown 0-0: SINGLE (Groundball, 6D, EV 106.2 MPH)
Pitching: LHP J.P. Blair
Batting: RHB Kyle Reilly 0-0: Ball
1-0: Foul Ball, location: 2F
1-1: SINGLE (Groundball, 6MD, EV 110.0 MPH)
Benjamin Brown to second
Runner from 2nd tries for 3rd, OUT! 8-5
Batting: RHB Moritake Fukumoto 0-0: Ball
1-0: Called Strike
1-1: Foul Ball, location: 2F
1-2: Foul Ball, location: 2F
1-2: Ball
2-2: Ball
3-2: Foul Ball, location: 2F
3-2: SINGLE (Flyball, 6MD, EV 93.8 MPH)
Kyle Reilly to second
Kyle Reilly to third
Batting: RHB Carlos Morejon 0-0: Ball
1-0: Ball
2-0: Swinging Strike
2-1: Ball
3-1: Base on Balls
Moritake Fukumoto to second
Batting: RHB Alberto Ramirez 0-0: Ball
1-0: Swinging Strike
1-1: Foul Ball, location: 2F
1-2: Ball
2-2: Foul Ball, location: 2F
2-2: Ball
3-2: Strikes out swinging
Bottom of the 8th over - 0 runs, 3 hits, 0 errors, 3 left on base; Oklahoma City 5 - Lehigh Valley 4
TOP OF THE 9TH
Oklahoma City Dodgers batting - Pitching for Lehigh Valley IronPigs : RHP Alex Florez
Pitching: LHP Brian Wildrick
Batting: LHB Chris Raymond 0-0: Called Strike
0-1: Called Strike
0-2: Ground out 4-3 (Groundball, 4M, EV 100.6 MPH)
Batting: LHB Darrell Ortega 0-0: Called Strike
0-1: Swinging Strike
0-2: SOLO HOME RUN (Flyball, 9D, EV 96.2 MPH), Distance : 395 ft
Pitching: RHP Lucas McPhillie
Batting: RHB Carlos Talavera 0-0: Called Strike
0-1: SINGLE (Groundball, 34D, EV 106.2 MPH)
Batting: RHB Theo Schepers 0-0: Ball
1-0: Ball
2-0: Ball
3-0: Base on Balls
Carlos Talavera to second
Batting: RHB Jeremy Giesler 0-0: Swinging Strike
0-1: Called Strike
0-2: Ball
1-2: Foul Ball, location: 2F
1-2: Strikes out swinging
Batting: RHB Wing-kit Bu 0-0: Called Strike
0-1: Called Strike
0-2: Ball
1-2: Ground out 5-3 (Groundball, 56S, EV 79.4 MPH)
Top of the 9th over - 1 run, 2 hits, 0 errors, 2 left on base; Oklahoma City 6 - Lehigh Valley 4
BOTTOM OF THE 9TH
Lehigh Valley IronPigs batting - Pitching for Oklahoma City Dodgers : LHP J.P. Blair
Pitching: RHP Takashi Kashiwabara
Batting: LHB Josh George 0-0: Called Strike
0-1: Ball
1-1: SINGLE (Groundball, 25, EV 67.5 MPH) (infield hit)
Batting: RHB Victor Arroyo 0-0: Ball
1-0: Called Strike
1-1: Foul Ball, location: 2F
1-2: Hit by Pitch
Josh George to second
Batting: RHB Mark Schultz 0-0: Ball
1-0: Fly out, F7 (Line Drive, 7, EV 96.2 MPH)
Batting: SHB Marco de Leon 0-0: Swinging Strike
0-1: Called Strike
0-2: Foul Ball, location: 2F
0-2: Strikes out looking
Batting: SHB Benjamin Brown 0-0: Swinging Strike
0-1: Ball
1-1: Foul Ball, location: 2F
1-2: Strikes out swinging
Bottom of the 9th over - 0 runs, 1 hit, 0 errors, 2 left on base; Oklahoma City 6 - Lehigh Valley 4
Tuesday, March 28th , 2023 - OOTP Baseball 23.10 Build 110